 Dungeon Crawl Stone Soup version 0.15-a0-413-gc6111ba (webtiles) character file.

394 Quh the Shield-Bearer (level 5, -2/45 HPs)
             Began as a Hill Orc Fighter on May 5, 2014.
             Slain by an orc (4 damage)
             ... on Level 4 of the Dungeon.
             The game lasted 00:12:45 (2666 turns).

Quh the Shield-Bearer (Hill Orc Fighter)            Turns: 2666, Time: 00:12:45

HP  -2/45        AC  7     Str 20      XL: 5   Next: 97%
MP   5/5         EV  8     Int  8      God:
Gold 174         SH 20     Dex 10      Spells:  0 memorised,  4 levels left

rFire  . . .     SeeInvis .     a - +0 flail
rCold  . . .     Clarity  .     e - +1 ring mail {rN+}
rNeg   + . .     Conserve .     c - +0 shield
rPois  .         rCorr    .     (no helmet)
rElec  .         rRot     .     o - +0 cloak
SustAb . .       Spirit   .     (no gloves)
rMut   .         Warding  .     (no boots)
Saprov + . .     Stasis   .     (no amulet)
MR     .....                    (no ring)
                                n - ring of teleport control

@: slowed, very slow, not resistant to hostile enchantments, extremely
unstealthy
A: saprovore 1
a: Evoke Teleport Control


You were on level 4 of the Dungeon.
You were not hungry.

You visited 1 branch of the dungeon, and saw 4 of its levels.

You collected 174 gold pieces.

Inventory:

Hand weapons
 a - a +0,+0 flail (weapon)
 p - a +2,+1 war axe
Missiles
 f - 82 arrows
 g - 13 bolts
 h - 21 darts
 m - 7 darts of frost
 A - 5 tomahawks
 F - 8 javelins (quivered)
 K - 8 poisoned tomahawks
Armour
 b - a +0 scale mail
 c - a +0 shield (worn)
 e - a +1 ring mail of positive energy (worn)
 o - a +0 cloak (worn)
 s - a -1 scale mail
Comestibles
 d - 2 meat rations
 l - a pear
 t - a bread ration
 H - an apple
Scrolls
 i - a scroll of recharging {unknown}
 j - a scroll of fear {unknown}
 q - a scroll of blinking {unknown}
 r - a scroll of fog
 w - a scroll of teleportation
 y - 2 scrolls of immolation
 B - a scroll of magic mapping {unknown}
 I - a scroll of remove curse
 J - a scroll of enchant weapon I {unknown}
Jewellery
 n - a ring of teleport control (left hand)
Potions
 k - a potion of resistance {unknown}
 u - a potion of poison {unknown}
 v - a potion of curing {unknown}
 x - a potion of heal wounds {unknown}
 z - a potion of cure mutation {unknown}
 C - 2 potions of agility {unknown}
 G - a potion of haste


   Skills:
 - Level 3.6 Fighting
 * Level 5.0 Maces & Flails
 - Level 3.2 Armour
 * Level 5.4 Shields


You had 4 spell levels left.
You didn't know any spells.

Dungeon Overview and Level Annotations

Branches:
Dungeon (4/15)
 Temple: D:4-7

Altars:


Innate Abilities, Weirdness & Mutations

You can tolerate rotten meat.


Message History

The orc hits you.
* * * LOW HITPOINT WARNING * * *
You thump the orc!
You kill the orc!
The rat bites you but does no damage. The orc closely misses you.
The rat barely misses you.
You hit the orc.
The orc is moderately wounded.
You block the orc's attack. The rat bites you.
* * * LOW HITPOINT WARNING * * *
You block the orc's attack. The rat bites you but does no damage.
You hit the orc.
The orc is severely wounded.
You block the orc's attack. The rat barely misses you.
The orc barely misses you. The rat bites you.
* * * LOW HITPOINT WARNING * * *
You barely miss the orc.
The orc is severely wounded.
The orc hits you.
You die...

......#
.......#
........#
..%.....#
.........#
.........#
........<#
.......))<#
.......[@o#
.......r..#
.........#
.........#
.........#
........#
.......#
.....)#
...#


You could see an orc and a rat.

Vanquished Creatures
  An orc wizard (D:4)
  A worker ant (D:3)
  Natasha (thrice) (D:3)
  3 adders (D:2)
  2 worms (D:3)
  An ooze (D:3)
  8 orcs
  2 ball pythons
  9 giant cockroaches
  15 goblins
  5 hobgoblins (D:1)
  3 jackals (D:1)
  2 quokkas (D:3)
  9 bats
  2 giant newts
  6 kobolds
  12 rats
84 creatures vanquished.

Notes
Turn   | Place    | Note
--------------------------------------------------------------
     0 | D:1      | Quh, the Hill Orc Fighter, began the quest for the Orb.
     0 | D:1      | Reached XP level 1. HP: 19/19 MP: 1/1
   117 | D:1      | Reached XP level 2. HP: 24/26 MP: 2/2
   453 | D:1      | Reached XP level 3. HP: 27/31 MP: 3/3
   553 | D:1      | Reached skill level 4 in Shields
  1159 | D:2      | Reached XP level 4. HP: 33/39 MP: 4/4
  1796 | D:3      | Noticed Natasha
  1811 | D:3      | Killed Natasha
  1811 | D:3      | Reached skill level 5 in Shields
  1811 | D:3      | Reached XP level 5. HP: 5/45 MP: 5/5
  2086 | D:3      | Noticed Natasha
  2091 | D:3      | Killed Natasha
  2144 | D:3      | Noticed Natasha
  2153 | D:3      | Killed Natasha
  2661 | D:4      | Reached skill level 5 in Maces & Flails
  2665 | D:4      | HP: 1/45 [rat (2)]
  2666 | D:4      | Slain by an orc

Action                   |  1- 3 |  4- 6 || total
-------------------------+-------+-------++-------
Melee: Flail             |   123 |   159 ||   282
Throw: Dart              |     5 |     5 ||    10
       Javelin           |       |     8 ||     8
  Use: Scroll            |       |     4 ||     4
       Potion            |       |     1 ||     1
